 Dungeon Crawl Stone Soup version 0.31.0-1-g2c135a008e (webtiles) character file.

Game seed: 4898952707418827839

101 qw the Shooter (level 5, -2/40 HPs)
             Began as a Djinni Hunter on Jan 23, 2024.
             Slain by an iguana (7 damage)
             ... on level 3 of the Dungeon.
             The game lasted 00:00:07 (1693 turns).

qw the Shooter (Djinni Hunter)                      Turns: 1693, Time: 00:00:08

Health: -2/40      AC:  7    Str:  8 (10) XL:     5   Next: 4%
Gold:   132        EV: 10    Int: 10 (11) God:
                   SH:  0    Dex: 16 (18)

rFire   + + .        a - +0 shortbow
rCold   x . .        (shield currently unavailable)
rNeg    . . .        h - +0 ring mail
rPois   inf          b - +0 helmet
rElec   .            (no cloak)
rCorr   .            e - +0 pair of gloves
SInv    .            (boots unavailable)
Will    .....        (no amulet)
Stlth   +            (no ring)
HPRegen 0.26/turn    (no ring)
MPRegen 0.00/turn

%: infuse magic (-3 HP)
@: flying
A: sickness immunity, fire resistance 2, cold vulnerability 1, float, innate
caster, HP casting, extra vitality 1
a: no special abilities


You were on level 3 of the Dungeon.
You visited 1 branch of the dungeon, and saw 3 of its levels.

You collected 132 gold pieces.


Innate Abilities, Weirdness & Mutations

You are immune to sickness and miasma.
You are immune to poison.
Your flesh is very heat resistant. (rF++)
You are vulnerable to cold. (rC-)
You float through the air rather than walking.
You learn spells naturally, not from books.
Your magical power is your life essence.
You have superior vitality. (+4 MHP)


   Skills:
 - Level 3.0 Fighting
 + Level 4.3 Ranged Weapons
 - Level 1.1 Armour
 - Level 2.1 Dodging
 - Level 0.7 Stealth


You knew the following spells:

 Your Spells              Type           Power      Damage    Failure   Level
a - Shock                 Conj/Air       0%         1d3       75%         1
b - Ensorcelled Hibernat  Hex/Ice        0%         N/A       86%         2
Your spell library was empty.

Inventory:

Hand Weapons
 a - a +0 shortbow (weapon)
Armour
 b - a +0 helmet (worn)
 e - a +0 pair of gloves (worn)
 h - a +0 ring mail (worn)
Scrolls
 g - a scroll of identify
Potions
 c - a potion of might {unknown}
 d - a potion of curing
 f - a potion of mutation {unknown}
 k - a potion of brilliance {unknown}

Dungeon Overview and Level Annotations

Branches:
Dungeon (3/15)

Altars:
Ashenzari
Hepliaklqana


Message History

You shoot an arrow. The arrow barely misses the iguana.
The iguana barely misses you. The iguana bites you.
You shoot an arrow. The arrow barely misses the iguana.
The iguana bites you.
You shoot an arrow. The arrow barely misses the iguana.
The iguana bites you.
You shoot an arrow.
The arrow hits the iguana but does no damage.
The iguana is heavily wounded.
The iguana barely misses you.
The iguana bites you but does no damage.
You shoot an arrow.
The arrow hits the iguana but does no damage.
The iguana is heavily wounded.
The iguana bites you but does no damage.
You shoot an arrow. The arrow hits the iguana.
The iguana is severely wounded.
The iguana bites you but does no damage.
You shoot an arrow. The arrow barely misses the iguana.
The iguana barely misses you.
You shoot an arrow. The arrow closely misses the iguana.
The iguana closely misses you. The iguana bites you!
You shoot an arrow. The arrow barely misses the iguana.
The iguana hisses menacingly.
The iguana barely misses you.
You shoot an arrow. The arrow closely misses the iguana.
The iguana bites you! The iguana closely misses you.
You shoot an arrow. The arrow closely misses the iguana.
The iguana bites you.
You shoot an arrow.
The arrow hits the iguana but does no damage.
The iguana is severely wounded.
The iguana bites you.
You shoot an arrow.
The arrow hits the iguana but does no damage.
The iguana is severely wounded.
The iguana closely misses you. The iguana bites you.
You shoot an arrow. The arrow barely misses the iguana.
The iguana bites you!
You die...

####..#.......###.#######
...#.###~~~~~##...#
##....#########.###
...........####.#######
########..............##.
#######...####....
#..#......#..
#.###........ ...
#@.####.#. ...#...l#
#.......... ......######
....### .. #. #####.# .
.....>## ........


You could see an iguana.

Vanquished Creatures
  Robin (D:2)
  An adder (D:2)
  A dart slug (D:2)
  An orc (D:3)
  2 ball pythons (D:1)
  7 bats
  7 endoplasms
  3 giant cockroaches
  12 goblins
  11 hobgoblins
  7 jackals
  A quokka (D:3)
  4 kobolds
  6 rats
  A spectral kobold (D:3)
65 creatures vanquished.

Notes
Turn   | Place    | Note
-------+----------+-------------------------------------------
     0 | D:1      | qw the Djinni Hunter began the quest for the Orb.
     0 | D:1      | Reached XP level 1. HP: 18/18 MP: 0/0
     0 | D:1      | 0 ||| qw: Version: 0.3-a-134-g2ba4250
     0 | D:1      | 0 ||| qw: Game counter: 733
     0 | D:1      | 0 ||| qw: Melee chars always use a shield: true
     0 | D:1      | 0 ||| qw: God list: Okawaru
     0 | D:1      | 0 ||| qw: Allow faded altars: false
     0 | D:1      | 0 ||| qw: Do Orc after clearing Dungeon:15 true
     0 | D:1      | 0 ||| qw: Do second Lair branch before Depths: true
     0 | D:1      | 0 ||| qw: Lair rune preference: random
     0 | D:1      | 0 ||| qw: Goals: Normal
     0 | D:1      | 0 ||| PLANNING D:1-11
    84 | D:1      | Reached XP level 2. HP: 23/23 MP: 0/0
   500 | D:1      | Reached skill level 4 in Ranged Weapons
   500 | D:1      | Reached XP level 3. HP: 28/28 MP: 0/0
   500 | D:1      | Learned a level 1 spell: Shock
   547 | D:1      | 547 ||| UPGRADING to +0 pair of gloves.
   552 | D:1      | 552 ||| UPGRADING to +0 ring mail.
   562 | D:1      | 562 ||| DROPPING +0 leather armour.
   563 | D:1      | 563 ||| READING scroll labelled SAPASERAPAY.
   564 | D:1      | 564 ||| READING scroll labelled METIAT UFFOMN.
   565 | D:1      | 565 ||| READING scroll labelled OGOCAZ TISOU.
   565 | D:1      | 565 ||| IDENTIFYING dark potion
   566 | D:1      | 566 ||| DROPPING scroll of butterflies.
   621 | D:2      | Reached skill level 1 in Armour
   681 | D:2      | Found a broken altar of Ashenzari.
   689 | D:2      | 689 ||| RETREEEEATING.
   694 | D:2      | 694 ||| RETREEEEATING.
   695 | D:2      | 695 ||| RETREEEEATING.
   695 | D:2      | Noticed Robin
   696 | D:2      | 696 ||| RETREEEEATING.
   697 | D:2      | 697 ||| RETREEEEATING.
   698 | D:2      | 698 ||| RETREEEEATING.
   705 | D:2      | Reached XP level 4. HP: 31/34 MP: 0/0
   718 | D:2      | Killed Robin
   721 | D:2      | Reached skill level 3 in Fighting
  1328 | D:2      | Found a faded altar of an unknown god.
  1332 | D:2      | 1332 ||| UPGRADING to +0 helmet.
  1337 | D:2      | 1337 ||| READING scroll labelled HECE SAINECS.
  1341 | D:2      | 1341 ||| DRINKING 2 purple potions.
  1342 | D:2      | 1342 ||| DROPPING potion of degeneration.
  1583 | D:3      | Reached XP level 5. HP: 40/40 MP: 0/0
  1583 | D:3      | Learned a level 2 spell: Ensorcelled Hibernation
  1623 | D:3      | Found a hazy altar of Hepliaklqana.
  1690 | D:3      | HP: 5/40 [iguana (6)]
  1693 | D:3      | Slain by an iguana

Levels and vault maps discovered:
D:1:      giann_bridges, layout_basic
D:2:      layout_loops_ring, basic_altar, shapermc_ecumenical_altar_hornbeckon,
          uniq_robin
D:3:      layout_rooms, nicolae_hepliaklqana_monster_ancestors,
          nicolae_gozag_seed_capital, uniq_crazy_yiuf_cottage

Skill      XL: |  1  2  3  4 |
---------------+-------------+-----
Ranged Weapons | 4 |  4.3
Armour         | 1 |  1.1
Fighting       | 3 |  3.0
Dodging        | |  2.1
Stealth        | |  0.7

Action                     |  1- 3 |  4- 6 || total
---------------------------+-------+-------++-------
   Fire: Shortbow          |   107 |   136 ||   243
    Use: Scroll            |     3 |     1 ||     4
         Potion            |       |     1 ||     1
 Armour: Leather armour    |    26 |       ||    26
         Ring mail         |    23 |    57 ||    80
  Dodge: Dodged            |    52 |    60 ||   112

Table legend:
 A = Non-vault XP
 B = Vault XP
 C = Vault XP percentage of total XP
 D = Non-vault monster count
 E = Vault monster count
 F = Vault count percentage of total count
                 A         B        C        D         E       F
            +---------+---------+-------+---------+---------+-------
      Total |     103 |      42 |  29.0 |      50 |      15 |  23.1
            +---------+---------+-------+---------+---------+-------
        D:1 |      33 |       0 |   0.0 |      19 |       0 |   0.0
        D:2 |      41 |      40 |  49.4 |      16 |      13 |  44.8
        D:3 |      29 |       2 |   6.5 |      15 |       2 |  11.8
            +---------+---------+-------+---------+---------+-------
